 Dungeon Crawl Stone Soup version 0.26-a0-1020-ge47f559bc5 (webtiles) character file.

Game seed: 14704351504786566783

137 Descartes the Conjurer (level 5, 0/28 HPs)
             Began as a Deep Elf Conjurer on Dec 8, 2020.
             Slain by a hound (3 damage)
             ... on level 4 of the Dungeon.
             The game lasted 00:06:27 (2889 turns).

Descartes the Conjurer (Deep Elf Conjurer)          Turns: 2889, Time: 00:06:27

Health: 0/28       AC:  4    Str:  4    XL:     5   Next: 0%
Magic:  6/11       EV: 11    Int: 24    God:
Gold:   241        SH:  0    Dex: 13    Spells: 9/10 levels left

rFire    . . .     SeeInvis .   b - +4 dagger (venom)
rCold    + . .     Faith    .   (no shield)
rNeg     . . .     Spirit   .   m - +1 leather armour
rPois    .         Reflect  .   (no helmet)
rElec    .         Harm     .   (no cloak)
rCorr    .         Rampage  .   (no gloves)
Will     .....                  (no boots)
Stlth    ++........             (no amulet)
HPRegen  0.09/turn              i - ring of wizardry
MPRegen  0.12/turn              j - ring of protection from cold

@: no status effects
A: no striking features
a: no special abilities


You were on level 4 of the Dungeon.
You visited 1 branch of the dungeon, and saw 4 of its levels.

You collected 241 gold pieces.

Inventory:

Hand Weapons
 a - a +4 hunting sling
 b - a +4 dagger of venom (weapon)
Missiles
 k - 50 stones (quivered ammo)
 n - 36 arrows
 o - 8 javelins
 p - 8 atropa-tipped darts
 v - 15 bolts
 x - 13 poisoned darts
Armour
 m - a +1 leather armour (worn)
 s - a +0 robe
Jewellery
 c - a +6 ring of dexterity {unknown}
 i - a ring of wizardry (left hand)
 j - a ring of protection from cold (right hand)
Scrolls
 d - a scroll of immolation
 f - 2 scrolls of remove curse
 q - 2 scrolls of enchant armour
 t - 3 scrolls of identify
 u - a scroll of fog {unknown}
Potions
 l - 2 potions of lignification
 w - a potion of flight


   Skills:
 - Level 2.4 Dodging
 - Level 2.4 Stealth
 - Level 3.0 Spellcasting
 + Level 7.0 Conjurations


You had 9 spell levels left.
You knew the following spells:

 Your Spells              Type           Power        Failure   Level
a - Magic Dart            Conj           ####         1%          1

Your spell library contained the following spells:

 Spells                   Type           Power        Failure   Level
 Searing Ray              Conj           #####.       1%          2
 Dazzling Flash           Conj/Hex       ###...       6%          3
 Fulminant Prism          Conj/Hex       ###.......   17%         4
 Iskenderun's Mystic Bla  Conj/Tloc      ###.....     17%         4


Dungeon Overview and Level Annotations

Branches:
Dungeon (4/15)
 Temple: D:4-7

Altars:


Message History

The hound is heavily wounded.
The hound bites you but does no damage. The hound bites you.
Your +4 dagger of venom begins to drip with poison!
b - a +4 dagger of venom (weapon)
You hit the hound.
The hound is poisoned.
The hound is heavily wounded.
The hound bites you. x2
* * * LOW HITPOINT WARNING * * *
You hit the hound but do no damage.
The hound looks as sick as possible!
The hound is heavily wounded.
The hound closely misses you.
You hit the hound but do no damage.
The hound is severely wounded.
The hound bites you but does no damage. The hound completely misses you.
The adder skeleton bites you.
* * * LOW HITPOINT WARNING * * *
You closely miss the hound.
The hound is severely wounded.
The hound bites you.
You die...

**,*,* *,,,,,,,,**,*,*,*** ,*,,,*
*****,*****..#*,*,*,*
***,*##***#.,,*,**###..#*,*,*,*
,,*,,#..,*#...*,**.....#*,,,*,*
,***,#...*#...+,,,...)##*,,,*,*
*.,*,#...##..,*,,,.....,,,,,*,*
,.#**#.......,*,,,...,#..,,,,,*
**.,*#..,#..######.#.....,,,***
*,.###..,#......@h.<..#,*,,,*****
*##..#.#*#.......Z..".#,*,,,,,,,,
,+...#.# #............#,***,*****
###.##.###..###....$..#,* *,*
............# #.(.......* *,*
.#####.###.## #.......### *,*
.......#*#.# #!##+#### *,*
#####...*#[# #..,,,,,* *,*
,,,,.......#***,,,,,,,* *,*


You could see a hound (very poisoned) and an adder skeleton.

Vanquished Creatures
  An iguana (D:3)
  3 adders
  An ooze (D:1)
  4 worms
  A dart slug (D:2)
  3 leopard geckos
  7 orcs (D:3)
  4 giant cockroaches
  5 goblins
  5 hobgoblins
  2 jackals (D:3)
  3 ball pythons
  8 bats
  A frilled lizard (D:1)
  5 kobolds
  5 rats
58 creatures vanquished.

Notes
Turn   | Place    | Note
-------+----------+-------------------------------------------
     0 | D:1      | Descartes the Deep Elf Conjurer began the quest for the
                  | Orb.
     0 | D:1      | Reached XP level 1. HP: 10/10 MP: 6/6
   271 | D:1      | Reached skill level 5 in Conjurations
   271 | D:1      | Reached XP level 2. HP: 15/15 MP: 4/8
   974 | D:2      | Reached XP level 3. HP: 19/19 MP: 4/9
  1615 | D:2      | Reached skill level 6 in Conjurations
  1910 | D:3      | Reached XP level 4. HP: 24/24 MP: 3/10
  2765 | D:3      | HP: 1/24 [orc/+0 club (3)]
  2872 | D:4      | Reached skill level 7 in Conjurations
  2872 | D:4      | Reached XP level 5. HP: 12/28 MP: 8/11
  2889 | D:4      | Slain by a hound

Illustrated notes

Levels and vault maps discovered:
D:1:      onia_arrival_pyramid, layout_basic
D:2:      layout_basic
D:3:      layout_rooms
D:4:      minmay_razor_zed, layout_basic, grunt_qazlal_sundering,
          enter_ossuary_3

Skill      XL: |  1  2  3  4 |
---------------+-------------+-----
Conjurations   | 5 6 7 |  7.0
Dodging        | |  2.4
Stealth        | |  2.4
Spellcasting   | |  3.0

Action                   |  1- 3 |  4- 6 || total
-------------------------+-------+-------++-------
Melee: Dagger            |       |    16 ||    16
 Cast: Magic Dart        |    77 |    57 ||   134
  Use: Scroll            |     1 |     5 ||     6
       Potion            |       |     3 ||     3
Armor: Leather armour    |     1 |     7 ||     8
       Skin              |       |     5 ||     5
Dodge: Dodged            |     2 |    13 ||    15

Table legend: (Time is in decaauts)
 A = Elapsed time spent in this place.
 B = Non-inter-level travel time spent in this place.
 C = Inter-level travel time spent in this place.
 D = Time resting spent in this place.
 E = Time spent auto-exploring this place.
 F = Levels seen in this place.
 G = Mean time per level.
                   A        B        C        D        E       F      G
               +--------+--------+--------+--------+--------+-----+--------+
         Total |   2895 |   2777 |    118 |     66 |   2367 |   4 |  723.8 |
       Dungeon |   2895 |   2777 |    118 |     66 |   2367 |   4 |  723.8 |
               +--------+--------+--------+--------+--------+-----+--------+

Top non-repeatable levels by time:
     D:2: 1012 daAuts
     D:3: 960 daAuts
     D:1: 867 daAuts
     D:4: 55 daAuts
